 Dungeon Crawl Stone Soup version 0.28-a0-1241-gf280a0fbb2 (webtiles) character file.

Game seed: 730034582414361178

247 ChaosChampion the Insei (level 6, -6/38 HPs)
             Began as an Octopode Transmuter on Dec 26, 2021.
             Mangled by a killer bee zombie (7 damage)
             ... on level 6 of the Dungeon.
             The game lasted 00:03:39 (3494 turns).

ChaosChampion the Insei (Octopode Transmuter)       Turns: 3494, Time: 00:03:40

Health: -6/38      AC:  1    Str:  9    XL:     6   Next: 11%
Magic:  9/9        EV: 13    Int: 24    God:
Gold:   16         SH:  0    Dex: 12    Spells: 3/9 levels left

rFire   . . .      SeeInvis .     - Unarmed
rCold   . . .      Faith    .   (no shield)
rNeg    . . .      Spirit   .   (helmet restricted)
rPois   .          Reflect  .   f - amulet of magic regeneration
rElec   .          Harm     .   g - +6 ring of intelligence
rCorr   .          Rampage  .   (no ring)
Will    .....                   (no ring)
Stlth   ++........              (no ring)
HPRegen 0.12/turn               (no ring)
MPRegen 0.51/turn               (no ring)
                                (no ring)
                                (no ring)

@: no status effects
A: almost no armour, amphibious, 8 rings, camouflage 1, gelatinous body 1,
(nimble swimmer 1), tentacles
a: no special abilities


You were on level 6 of the Dungeon.
You visited 1 branch of the dungeon, and saw 5 of its levels.

You collected 99 gold pieces.
You spent 83 gold pieces at shops.

Inventory:

Magical Staves
 k - a staff of fire
Jewellery
 f - an amulet of magic regeneration (around mantle)
 g - a +6 ring of intelligence (left tentacle)
Wands
 i - a wand of polymorph (10)
Scrolls
 a - 5 scrolls of teleportation
 c - a scroll of acquirement {unknown}
 e - a scroll of magic mapping {unknown}
 h - a scroll of vulnerability {unknown}
 j - 2 scrolls of identify {unknown}
 m - a scroll of fog {unknown}
Potions
 b - 3 potions of flight {unknown}
 d - a potion of haste {unknown}
 l - a potion of might {unknown}
 n - 2 potions of degeneration
 o - a potion of mutation {unknown}


   Skills:
 - Level 1.0 Fighting
 - Level 2.0 Dodging
 * Level 5.7 Unarmed Combat
 - Level 2.0 Spellcasting
 + Level 3.8 Transmutations


You had 3 spell levels left.
You knew the following spells:

 Your Spells              Type           Power      Damage    Failure   Level
a - Beastly Appendage     Tmut           40%        N/A       2%          1
b - Wereblood             Tmut           20%        N/A       3%          2
c - Spider Form           Tmut/Pois      11%        N/A       16%         3

Your spell library contained the following spells:

 Spells                   Type           Power      Damage    Failure   Level
 Static Discharge         Conj/Air       2%         N/A       19%         2
 Ice Form                 Ice/Tmut       11%        N/A       47%         4
 Dispel Undead            Necr           2%         3d7       75%         4
 Sticky Flame             Conj/Fire      2%         2d3       75%         4


Dungeon Overview and Level Annotations

Branches:
Dungeon (4/15)             Temple (0/1) D:4

Altars:
Elyvilon
Gozag
Nemelex Xobeh
Vehumet
Yredelemnul

Shops:
D:1 (   D:2 *   D:4 *


Innate Abilities, Weirdness & Mutations

You cannot wear most types of armour.
You are amphibious.
You can wear up to eight rings at the same time.
Your skin changes colour to match your surroundings (Stealth+).
Your rubbery body absorbs attacks. (AC +1, EV +1)
((You are camouflaged when in or above water. (Stealth+)))
You have tentacles for arms and can constrict up to eight enemies at once.


Message History

You bludgeon the goblin!
You kill the goblin!
You feel sick.
You feel sick.
You are no longer poisoned.
A jelly comes into view.
Found a scroll labelled XES FYSINLAURPH.
An ogre comes into view. It is wielding a +0 giant club.
The ogre moves out of view.
Your magical contamination has completely faded away.
A black bear comes into view.
The black bear growls angrily.
An ice beast comes into view.
Found a wand of flame (17).
A scorpion comes into view.
The ice beast closely misses you.
A hound comes into view.
Found a whip and 14 gold pieces.
Found a stone staircase leading down.
An ufetubus comes into view.
Found 11 gold pieces.
The ufetubus shouts!
Found 9 gold pieces.
A killer bee zombie comes into view.
The ufetubus hits you. x2
The ufetubus closely misses you. The ufetubus barely misses you.
The ufetubus hits you. x2
You tentacle-slap the killer bee zombie.
Your grab misses the killer bee zombie.
Your squeeze misses the killer bee zombie.
The killer bee zombie is moderately damaged.
The killer bee zombie misses you. The ufetubus misses you.
The ufetubus hits you.
The killer bee zombie completely misses you.
The ice beast hits you. The ice beast freezes you!
* * * LOW HITPOINT WARNING * * *
The killer bee zombie hits you.
* * * LOW HITPOINT WARNING * * *
The killer bee zombie hits you!
You die...

#............
#...........# ......
..###.......# ......
J............## ......
..s.h..........###......
......................#
...#$...............$##
#####.......# #......$#
####.......## #Z@#...#
.##.......## #Y5...#
..#......## #....##
.........######sn..#
#..........#..J..###
#........h........#
...#.................#
..##..................
.##...........>.......#


You could see an ice beast, a necrophage, a scorpion, a jelly, an ufetubus and a
killer bee zombie.

Vanquished Creatures
  An ogre (D:4)
  A scorpion (D:4)
  Ijyb (D:3)
  2 adders
  A worm (D:3)
  3 dart slugs
  6 endoplasms
  2 giant cockroaches
  6 goblins
  3 hobgoblins
  4 jackals
  3 quokkas (D:1)
  4 ball pythons
  5 bats
  2 frilled lizards
  6 kobolds
  4 rats
54 creatures vanquished.

Vanquished Creatures (others)
  A butterfly (D:3)
1 creature vanquished.

Grand Total: 55 creatures vanquished

Notes
Turn   | Place    | Note
-------+----------+-------------------------------------------
     0 | D:1      | ChaosChampion the Octopode Transmuter began the quest for
                  | the Orb.
     0 | D:1      | Reached XP level 1. HP: 13/13 MP: 3/3
   151 | D:1      | Found Daojov Lagg's Weapon Shop.
   306 | D:1      | Reached XP level 2. HP: 18/18 MP: 5/5
   952 | D:1      | Reached XP level 3. HP: 22/23 MP: 6/6
  1548 | D:2      | Found a faded altar of an unknown god.
  1608 | D:2      | Reached skill level 4 in Unarmed Combat
  1650 | D:2      | Found Posuapt's General Store.
  1656 | D:2      | Bought a potion of curing for 39 gold pieces
  2058 | D:3      | Learned a level 2 spell: Wereblood
  2304 | D:3      | Learned a level 3 spell: Spider Form
  2309 | D:3      | Noticed Ijyb
  2318 | D:3      | Reached XP level 4. HP: 8/28 MP: 7/7
  2340 | D:3      | Killed Ijyb
  2487 | D:3      | Found an opulent altar of Gozag.
  2487 | D:3      | Found a sparkling altar of Nemelex Xobeh.
  2593 | D:3      | Found a white marble altar of Elyvilon.
  2913 | D:3      | Found a basalt altar of Yredelemnul.
  3114 | D:4      | Found Niod's General Store.
  3129 | D:4      | Bought a scroll of teleportation for 33 gold pieces
  3129 | D:4      | Bought a potion of degeneration for 11 gold pieces
  3172 | D:4      | Noticed an ogre
  3181 | D:4      | Killed an ogre
  3182 | D:4      | Reached skill level 5 in Unarmed Combat
  3182 | D:4      | Reached XP level 5. HP: 33/33 MP: 8/8
  3315 | D:4      | Reached XP level 6. HP: 27/38 MP: 6/9
  3429 | D:4      | Found a staircase to the Ecumenical Temple.
  3431 | D:4      | You fall into a shaft and drop 2 floors!
  3431 | D:6      | Noticed a necrophage
  3432 | D:6      | Found a radiant altar of Vehumet.
  3448 | D:6      | Noticed a black bear
  3464 | D:6      | Noticed an ice beast
  3494 | D:6      | HP: 1/38 [killer bee zombie (1)]
  3494 | D:6      | Mangled by a killer bee zombie

Illustrated notes

Levels and vault maps discovered:
D:1:      minmay_arrival_shattered_statue, layout_basic, serial_shops,
          nicolae_shop_bloodbath_and_beyond, skrybe_limestone_x
D:2:      layout_rooms, serial_shops, nicolae_shop_hallway_plus,
          shapermc_ecumenical_altar_acropolis
D:3:      layout_loops_ring, nicolae_elyvilon_peaceful_grove,
          mainiacjoe_overflow_alcove_4, grunt_temple_overflow_opulence,
          uniq_ijyb
D:4:      layout_loops_ring, minmay_temple_entry_stoned_glass, serial_shops,
          shop, nicolae_shop_trees, nicolae_inconvenience_store, uniq_sigmund
D:6:      layout_cave_pools, vehumet_altar_wand_db, nicolae_shop_clearance

Skill      XL: |  1  2  3  4 |
---------------+-------------+-----
Unarmed Combat | 4 5 |  5.7
Transmutations | 3 |  3.8
Fighting       | |  1.0
Dodging        | |  2.0
Spellcasting   | |  2.0

Action                   |  1- 3 |  4- 6 || total
-------------------------+-------+-------++-------
Melee: Unarmed           |    83 |    47 ||   130
       Kick              |    11 |     4 ||    15
       Constrict         |    23 |     5 ||    28
       Tentacles         |    10 |     3 ||    13
       Punch             |       |     1 ||     1
 Cast: Beastly Appendage |    18 |     4 ||    22
       Spider Form       |     1 |     2 ||     3
       Wereblood         |     1 |     2 ||     3
  Use: Potion            |       |     1 ||     1
 Stab: Sleeping          |     5 |       ||     5
       Confused          |       |     1 ||     1
Armor: Skin              |     4 |     2 ||     6
Dodge: Dodged            |    43 |    25 ||    68

Table legend: (Time is in decaauts)
 A = Elapsed time spent in this place.
 B = Non-inter-level travel time spent in this place.
 C = Inter-level travel time spent in this place.
 D = Time resting spent in this place.
 E = Time spent auto-exploring this place.
 F = Levels seen in this place.
 G = Mean time per level.
                   A        B        C        D        E       F      G
               +--------+--------+--------+--------+--------+-----+--------+
         Total |   3481 |   3403 |     78 |      8 |   2931 |   5 |  696.2 |
       Dungeon |   3481 |   3403 |     78 |      8 |   2931 |   5 |  696.2 |
               +--------+--------+--------+--------+--------+-----+--------+

Top non-repeatable levels by time:
     D:3: 1251 daAuts
     D:1: 1122 daAuts
     D:2: 596 daAuts
     D:4: 448 daAuts
     D:6: 62 daAuts
